 Dungeon Crawl Stone Soup version 0.26-a0-812-g31a745ddcd (webtiles) character file.

Game seed: 15858813955302645976

22488 Borgoz the Basher (level 13, -6/82 HPs)
             Began as a Gargoyle Gladiator on Dec 8, 2020.
             Was the Champion of Okawaru.
             Blown up by Maurice (23 damage)
             ... with a disintegration bolt
             ... on level 12 of the Dungeon.
             The game lasted 00:26:34 (12778 turns).

Borgoz the Basher (Gargoyle Gladiator)             Turns: 12778, Time: 00:26:34

Health: -6/82      AC: 38    Str: 20    XL:     13   Next: 0%
Magic:  19/19      EV: 10    Int: 10    God:    Okawaru [******]
Gold:   256        SH:  0    Dex: 13    Spells: 12/12 levels left

rFire    + . .     SeeInvis .   C - +3 dire flail of Ancient Evil {speed, rN++}
rCold    . . .     Faith    .   (shield currently unavailable)
rNeg     + + +     Spirit   .   u - +0 crystal plate armour
rPois    ∞         Reflect  .   c - +1 helmet
rElec    +         Harm     .   l - +0 cloak
rCorr    .         Rampage  .   r - +0 pair of gloves
MR       .....                  w - +2 pair of boots {Fly}
Stlth    ..........             (no amulet)
HPRegen  0.23/turn              t - +4 ring of evasion
MPRegen  0.16/turn              B - ring of protection from fire

@: flying
A: negative energy resistance 1, electricity resistance, unbreathing,
petrification resistance, rot immunity, AC +9
a: Heroism, Finesse, Renounce Religion, Stop Flying


You were on level 12 of the Dungeon.
You worshipped Okawaru.
Okawaru was exalted by your worship.
You visited 2 branches of the dungeon, and saw 15 of its levels.
You also visited: Sewer.

You collected 519 gold pieces.
You spent 263 gold pieces at shops.

Inventory:

Hand Weapons
 a - a +2 great mace of protection
 z - the +9 flail of Freehold {pain, *Drain Str+3 Int+2}
   (You bought it in a shop on level 5 of the Dungeon)

   In the hands of one skilled in necromantic magic, it inflicts extra damage on
   living creatures.
   It affects your strength (+3).
   It affects your intelligence (+2).
   It causes draining when unequipped.
 C - the +3 dire flail of Ancient Evil (weapon) {speed, rN++}
   (Okawaru gifted it to you on level 11 of the Dungeon)

   Attacks with this weapon are significantly faster.
   It greatly protects you from negative energy.
Missiles
 g - a throwing net (quivered)
Armour
 b - the cursed +1 plate armour of Rodouck {+Inv Regen+ Dex-3, unknown}
   (You found it on level 10 of the Dungeon)

   It affects your dexterity (-3).
   It lets you turn invisible.
   It increases your rate of regeneration.
   It has a curse placed upon it.
 c - a +1 helmet (worn)
 l - a +0 cloak (worn)
 r - a +0 pair of gloves (worn)
 u - a +0 crystal plate armour (worn)
 w - a +2 pair of boots of flying (worn)
Jewellery
 d - an uncursed ring of protection from magic
 i - an uncursed ring of stealth
 t - a +4 ring of evasion (left hand)
 B - a ring of protection from fire (right hand)
Wands
 h - a wand of random effects (12)
 q - a wand of flame (22)
 v - a wand of paralysis (4)
 y - a wand of digging (8)
 A - a wand of polymorph (4)
Scrolls
 e - a scroll of fear
 s - 6 scrolls of teleportation
 x - 2 scrolls of amnesia {unknown}
 D - a scroll of remove curse
 E - a scroll of enchant armour
 F - a scroll of fog {unknown}
Potions
 f - 3 potions of heal wounds
 j - a potion of magic
 k - 2 potions of brilliance
 m - 2 potions of mutation
 n - 6 potions of curing
 o - 3 potions of haste
 p - 2 potions of cancellation


   Skills:
 + Level 10.3 Fighting
 + Level 12.0 Maces & Flails
 - Level 1.7 Throwing
 + Level 9.9 Armour
 + Level 8.2 Dodging
 + Level 9.2 Invocations


You had 12 spell levels left.
You didn't know any spells.
Your spell library contained the following spells:

 Spells                   Type           Power        Failure   Level
 Animate Skeleton         Necr           #.....       100%        1
 Apportation              Tloc           #.....       100%        1
 Corona                   Hex            #......      100%        1
 Foxfire                  Conj/Fire      #...         100%        1
 Freeze                   Ice            #...         100%        1
 Summon Small Mammal      Summ           #...         100%        1
 Conjure Flame            Conj/Fire      #.......     100%        3
 Frozen Ramparts          Ice            #.....       100%        3
 Inner Flame              Hex/Fire       #.......     100%        3
 Ozocubu's Armour         Ice            #.......     100%        3
 Hailstorm                Conj/Ice       #.......     100%        4
 Sticky Flame             Conj/Fire      #.......     100%        4
 Summon Ice Beast         Ice/Summ       #.......     100%        4
 Fireball                 Conj/Fire      #.........   100%        5


Dungeon Overview and Level Annotations

Branches:
Dungeon (14/15)            Temple (1/1) D:5            Lair (0/6) D:11
  Sewer (visited)
    Orc: D:9-12      Vaults: D:13-14

Altars:
Ashenzari
Cheibriados
Dithmenos
Elyvilon
Fedhas
Gozag
Hepliaklqana
Kikubaaqudgha
Makhleb
Nemelex Xobeh
Okawaru
Qazlal
Ru
Sif Muna
Trog
Uskayaw
Vehumet
Wu Jian
Xom
Yredelemnul
Zin
The Shining One

Shops:
D:5 *   D:14 !*(

Annotations:
D:12 Maurice


Innate Abilities, Weirdness & Mutations

You are resistant to torment.
Your stone body is resilient. (AC +9)
You are immune to poison.
You resist negative energy. (rN+)
You are resistant to electric shocks. (rElec)
You can survive without breathing.
You are immune to petrification.
You are immune to rotting.


Message History

Found a scale mail.
Items here: ( ) ††.
You hear a zap.
Something tries to affect you, but you resist.
You see here a large rock.
You hear a zap.
You are blasted!
* * * LOW HITPOINT WARNING * * *
A stone appears from out of thin air!
The stone hits you but does no damage.
A stone appears from out of thin air!
The stone hits you but does no damage.
You see here a stone.
A stone appears from out of thin air!
The stone hits you but does no damage.
You see here a stone.
You hear a zap.
Something tries to affect you, but you resist.
You swing at nothing.
You swing at nothing.
You hear a zap.
You are blasted!
You die...

### .......
#.# .......
#.# ....[..
#.# .......
#.# .......
#.# .......
#@#
.......#####(#
#.((..(.#
#..)....#
#......(#
#.......#
#.......#
#.......#
#.......#


There were no monsters in sight!

Vanquished Creatures
  Azrael (D:14)
  A hydra (D:11)
  Erolcha (D:11)
  A boulder beetle (D:14)
  The ghost of Killmatronix the Fighter, a journeyman OpHu of Okawaru (D:10)
  A centaur warrior (D:14)
  3 two-headed ogres
  Nergalle (D:10)
  3 skeletal warriors (D:14)
  An unseen horror (D:11)
  2 ugly things
  2 deep elf magi
  A manticore (D:14)
  2 cyclopes
  A komodo dragon (D:11)
  A hornet (D:13)
  Prince Ribbit (D:7)
  3 slime creatures (D:10)
  A wyvern (D:9)
  6 yaks
  2 fire elementals (D:14)
  An acid dragon (D:14)
  5 water moccasins
  5 hell hounds (D:14)
  An ice beast (D:11)
  7 orc warriors
  4 black bears (D:11)
  4 sky beasts
  An eye of draining (shapeshifter) (D:14)
  A necrophage (D:11)
  9 centaurs
  3 eyes of draining
  8 big kobolds
  15 bullfrogs
  2 wyvern skeletons
  A scorpion (D:10)
  8 killer bees (D:9)
  12 wights
  5 howler monkeys
  6 electric eels
  A quasit (D:11)
  3 jellies
  6 orc priests
  A bullfrog skeleton (D:10)
  2 centaur zombies
  A hound (D:9)
  A centaur skeleton (D:11)
  10 orc wizards
  Ijyb (D:4)
  2 iguanas
  8 worker ants
  A killer bee zombie (D:10)
  A hound zombie (D:5)
  Robin (D:2)
  A worker ant zombie (D:6)
  A howler monkey skeleton (D:4)
  7 gnolls
  16 adders
  A river rat (Sewer)
  A shadow imp (D:5)
  3 white imps
  An ufetubus (D:7)
  3 oozes
  2 adder zombies (D:6)
  2 adder skeletons
  7 worms
  5 leopard geckos
  64 orcs
  3 giant cockroaches
  8 hobgoblins
  22 jackals
  17 kobolds
  5 quokkas
  6 bats
  7 frilled lizards
  18 goblins
  2 leopard gecko skeletons (D:5)
  A quokka skeleton (D:5)
  A quokka zombie (D:7)
  12 rats
  A bush (D:2)
390 creatures vanquished.

Vanquished Creatures (others)
  An orc (D:7)
  A kobold (D:14)
  34 fungi (D:11)
  54 plants
90 creatures vanquished.

Grand Total: 480 creatures vanquished

Notes
Turn   | Place    | Note
-------+----------+-------------------------------------------
     0 | D:1      | Borgoz the Gargoyle Gladiator began the quest for the Orb.
     0 | D:1      | Reached XP level 1. HP: 12/12 MP: 1/1
   596 | D:1      | Reached XP level 2. HP: 16/18 MP: 2/2
  1283 | D:2      | Reached skill level 1 in Armour
  1283 | D:2      | Reached XP level 3. HP: 20/22 MP: 3/3
  1427 | D:2      | Found a glowing silver altar of Zin.
  1427 | D:2      | Found an opulent altar of Gozag.
  1644 | D:2      | Reached XP level 4. HP: 27/27 MP: 4/4
  1792 | D:2      | Reached skill level 4 in Maces & Flails
  1930 | D:2      | Reached XP level 5. HP: 32/32 MP: 5/5
  1953 | D:2      | Noticed Robin
  1965 | D:2      | Killed Robin
  2013 | D:2      | Found an iron altar of Okawaru.
  2014 | D:2      | Found an ancient bone altar of Kikubaaqudgha.
  2015 | D:2      | Found a white marble altar of Elyvilon.
  2023 | D:2      | Became a worshipper of Warmaster Okawaru
  2522 | D:3      | Found a glowing drain.
  2559 | Sewer    | Entered a sewer
  2744 | Sewer    | Noticed a big kobold
  2755 | Sewer    | Killed a big kobold
  2755 | Sewer    | Reached XP level 6. HP: 37/37 MP: 6/6
  2845 | Sewer    | Reached * piety under Okawaru
  2845 | Sewer    | Reached skill level 5 in Maces & Flails
  3059 | Sewer    | Reached XP level 7. HP: 38/43 MP: 7/7
  3903 | D:4      | Noticed Ijyb
  3914 | D:4      | Killed Ijyb
  4236 | D:4      | Reached ** piety under Okawaru
  4551 | D:5      | Entered Level 5 of the Dungeon
  4699 | D:5      | Found Cotan's Assorted Antiques.
  4715 | D:5      | Reached skill level 6 in Maces & Flails
  4949 | D:5      | Found a staircase to the Ecumenical Temple.
  4959 | D:5      | Reached XP level 8. HP: 43/48 MP: 8/8
  4968 | Temple   | Entered the Ecumenical Temple
  5607 | D:6      | Reached skill level 1 in Invocations
  5877 | D:6      | Reached skill level 5 in Fighting
  6122 | D:6      | Reached skill level 7 in Maces & Flails
  6585 | D:7      | Noticed a two-headed ogre
  6599 | D:7      | Killed a two-headed ogre
  6599 | D:7      | Reached *** piety under Okawaru
  6599 | D:7      | Reached skill level 5 in Armour
  6599 | D:7      | Reached XP level 9. HP: 26/55 MP: 9/11
  6919 | D:7      | Found a blossoming altar of Fedhas.
  6948 | D:7      | Reached skill level 8 in Maces & Flails
  7049 | D:7      | Reached skill level 5 in Dodging
  7240 | D:7      | Noticed Prince Ribbit
  7256 | D:7      | Killed Prince Ribbit
  7256 | D:7      | Reached **** piety under Okawaru
  7750 | D:8      | Found a burning altar of Makhleb.
  7855 | D:8      | Noticed a two-headed ogre
  7869 | D:8      | Reached XP level 10. HP: 50/61 MP: 11/13
  7881 | D:8      | Reached skill level 9 in Maces & Flails
  8006 | D:7      | Killed a two-headed ogre
  8006 | D:7      | Reached ***** piety under Okawaru
  8006 | D:7      | Reached skill level 5 in Invocations
  8776 | D:10     | Entered Level 10 of the Dungeon
  8976 | D:9      | Reached skill level 10 in Maces & Flails
  9037 | D:9      | Found a hazy altar of Hepliaklqana.
  9154 | D:9      | Noticed a two-headed ogre
  9162 | D:9      | Killed a two-headed ogre
  9162 | D:9      | Reached XP level 11. HP: 52/68 MP: 15/15
  9588 | D:10     | Received a gift from Okawaru
  9759 | D:10     | Noticed Nergalle
  9788 | D:10     | Killed Nergalle
 10438 | D:10     | Found a runed translucent door.
 10438 | D:10     | Noticed Killmatronix's ghost (journeyman OpHu)
 10438 | D:10     | Noticed a deep elf mage
 10637 | D:10     | Noticed a red ugly thing
 10647 | D:10     | Killed a red ugly thing
 10796 | D:5      | Bought a slimy flail for 263 gold pieces
 10810 | D:5      | Identified the +9 flail of Freehold {pain, *Drain Str+3
                  | Int+2} (You bought it in a shop on level 5 of the Dungeon)
 11125 | D:10     | Killed Killmatronix's ghost
 11136 | D:10     | Killed a deep elf mage
 11143 | D:10     | Got a masterwork plate armour
 11323 | D:11     | Reached skill level 11 in Maces & Flails
 11460 | D:11     | Received a gift from Okawaru
 11637 | D:11     | Noticed a brown ugly thing
 11641 | D:11     | Noticed a four-headed hydra
 11659 | D:11     | Killed a brown ugly thing
 11665 | D:11     | Killed a four-headed hydra
 11665 | D:11     | Received a gift from Okawaru
 11665 | D:11     | Reached XP level 12. HP: 76/76 MP: 17/17
 11678 | D:11     | Got a transparent dire flail {god gift}
 11682 | D:11     | Identified the +3 dire flail of Ancient Evil {speed, rN++}
                  | (Okawaru gifted it to you on level 11 of the Dungeon)
 11704 | D:11     | Reached ****** piety under Okawaru
 11721 | D:11     | Noticed Erolcha
 11732 | D:11     | Killed Erolcha
 11760 | D:11     | Found a staircase to the Lair.
 11830 | D:11     | You fall into a shaft and drop 3 floors!
 11831 | D:14     | Noticed Azrael
 11832 | D:14     | Noticed a centaur warrior
 11842 | D:14     | Killed Azrael
 11858 | D:14     | Received a gift from Okawaru
 11889 | D:14     | Killed a centaur warrior
 12091 | D:14     | Found Fionnus's Assorted Antiques.
 12117 | D:14     | Found Kizilito's Distillery.
 12186 | D:14     | Reached skill level 10 in Fighting
 12337 | D:14     | Found Siumm's Antique Weapon Emporium.
 12348 | D:14     | Noticed a boulder beetle
 12366 | D:14     | Killed a boulder beetle
 12731 | D:12     | Noticed Maurice
 12769 | D:12     | Reached skill level 12 in Maces & Flails
 12769 | D:12     | Reached XP level 13. HP: 47/82 MP: 19/19
 12778 | D:12     | Blown up by Maurice

Illustrated notes

Levels and vault maps discovered:
D:1:      dpeg_arrival_oval, layout_basic, minmay_domino_2
D:2:      layout_loops_cross, grunt_temple_overflow_gold_and_silver,
          gammafunk_temple_overflow_forgotten, chequers_avenue,
          chequers_decorated_corner, uniq_robin
D:3:      layout_loops_corners, cheibrodos_sewer_entry_drain
D:4:      layout_basic, uniq_ijyb
D:5:      layout_loops_ring, minmay_temple_entry_large_hall, serial_shops,
          nicolae_shop_behind_doors
D:6:      layout_basic
D:7:      layout_loops_ring, old_standard_altar, minmay_misc_feat_encased,
          uniq_prince_ribbit1
D:8:      layout_rooms, bloody_makhleb
D:9:      layout_basic, overflow_temple_1_default
D:10:     wad_lake_hut, layout_basic, ebering_ghost_inner_flame, uniq_nergalle
D:11:     layout_long_grid, due_lair_maze_entry_diamond, kennysheep_flooded_box,
          hangedman_fish_farm, uniq_erolcha
D:12:     layout_small_grid, erik_orc_1, serial_bayou_pond_b, uniq_nessos,
          uniq_rupert, uniq_maurice
D:13:     layout_stronghold
D:14:     layout_loops_cross, david_vaults_4, chequers_jeans, serial_shops,
          shop, nicolae_shop_statue_plus, shop, kennysheep_little_box,
          serial_bayou_ford_a, uniq_azrael
Temple:   eino_temple_water

Skill      XL: |  1  2  3  4  5  6  7  8  9 10 11 12 |
---------------+-------------------------------------+-----
Armour         | 1 2 3 5 6 7 8 9 |  9.9
Fighting       | 3 4 5 6 7 9 10 | 10.3
Maces & Flails | 4 5 6 7 8 10 11 12 | 12.0
Dodging        | 3 4 5 6 7 8 |  8.2
Invocations    | 3 4 6 7 9 |  9.2
Throwing       | |  1.7

Action                   |  1- 3 |  4- 6 |  7- 9 | 10-12 | 13-15 || total
-------------------------+-------+-------+-------+-------+-------++-------
Melee: Flail             |    90 |   342 |   385 |   164 |       ||   981
       Dire flail        |       |       |   180 |   521 |       ||   701
       Great mace        |       |       |       |   199 |       ||   199
       Punch             |       |       |       |     1 |       ||     1
Throw: Throwing net      |       |       |     4 |       |       ||     4
Invok: Heroism           |       |       |     2 |    12 |       ||    14
Evoke: Wand              |       |       |     3 |     8 |       ||    11
  Use: Scroll            |       |     9 |     9 |     4 |       ||    22
       Potion            |       |     3 |     5 |     3 |       ||    11
 Stab: Invisible         |       |       |     4 |       |       ||     4
       Held in net/web   |       |       |     1 |       |       ||     1
       Paralysed         |       |       |       |     6 |       ||     6
Armor: Plate armour      |    66 |   159 |   373 |    32 |       ||   630
       Leather armour    |     5 |       |       |       |       ||     5
       Skin              |       |     8 |       |       |       ||     8
       Crystal plate arm |       |       |       |   569 |     4 ||   573
Dodge: Dodged            |    38 |    78 |   183 |   353 |       ||   652

Table legend: (Time is in decaauts)
 A = Elapsed time spent in this place.
 B = Non-inter-level travel time spent in this place.
 C = Inter-level travel time spent in this place.
 D = Time resting spent in this place.
 E = Time spent auto-exploring this place.
 F = Levels seen in this place.
 G = Mean time per level.
                   A        B        C        D        E       F      G
               +--------+--------+--------+--------+--------+-----+--------+
         Total |  12770 |  12150 |    620 |   1818 |   7077 |  16 |  798.1 |
       Dungeon |  11936 |  11328 |    608 |   1818 |   6574 |  14 |  852.6 |
        Temple |    209 |    197 |     12 |      0 |    197 |   1 |  209.0 |
         Sewer |    624 |    624 |      0 |      0 |    305 |   1 |  624.0 |
               +--------+--------+--------+--------+--------+-----+--------+

Top non-repeatable levels by time:
    D:10: 1558 daAuts
     D:7: 1491 daAuts
     D:1: 1341 daAuts
     D:6: 1179 daAuts
     D:9: 1034 daAuts
     D:2: 1032 daAuts
     D:3: 949 daAuts
     D:4: 788 daAuts
     D:5: 783 daAuts
   Sewer: 624 daAuts
    D:14: 573 daAuts
    D:11: 485 daAuts
     D:8: 468 daAuts
  Temple: 209 daAuts
    D:13: 198 daAuts
